Cogmind - Beta 12 @@@ ROGUE MODE // 2023.04.22 @ 01:04:25 Player: MrProgressor Result: Destroyed by 71-EB3(g) with Beamcaster Performance ------------- Evolutions (3) 1500 Regions Visited (9) 1800 Robots Destroyed (172) 860 Value Destroyed (4901) 4901 Prototype IDs (32) 640 Alien Tech Used (0) 0 Bonus (1239) 1239 TOTAL SCORE: 10940 Bonus ------- High Alert Combat Kills 858 Follower Combat Kills 81 Aligned with FarCom 300 Cogmind --------- Core Integrity 0/700 Matter 274/300 Energy 160/160 System Corruption 2% Temperature Cool (9) Movement Flying (54) Location -7/Lower Caves Parts ------- > --- POWER (1) -------- Light Nuclear Core > --- PROPULSION (4) --- Aluminum Leg Carbon-fiber Leg Cesium-ion Thruster Xenon Bombardment Thruster > --- UTILITY (5) ------ Core Shielding Core Shielding Core Shielding Core Shielding Hacking Suite > --- WEAPON (3) ------- (None) > --- INVENTORY (5) ---- High-capacity Storage Unit Large Matter Pod (150) Improved Transmission Jammer PSU Rigger Heavy Flail Peak State ------------ > --- POWER ------------ Deuterium Engine > --- PROPULSION ------- Improved Titanium Leg Improved Titanium Leg Improved Titanium Leg Improved Titanium Leg > --- UTILITY ---------- High-capacity Storage Unit Advanced Targeting Computer Hardened Heavy Armor Plating PSU Rigger > --- WEAPON ----------- Improved EM Pulse Cannon Improved EM Pulse Cannon Mini Grenade Launcher > --- INVENTORY -------- Deuterium Engine Improved Titanium Leg Improved Titanium Leg Improved Heat Sink High-capacity Storage Unit High-capacity Battery Large Matter Pod Active Sensor Suite Terrain Scanner Improved Transmission Jammer Improved Light Armor Plating Improved Shield Generator System Restoration Module Long-range Tractor Beam Heavy Particle Gun Advanced Assault Cannon Heavy Flail [Rating: 56] Favorites ----------- Power Heavy Ion Engine Engine Heavy Ion Engine Power Core Light Nuclear Core Propulsion Light Treads Treads Light Treads Leg Improved Titanium Leg Wheel Compact Wheel Flight Unit Xenon Bombardment Thruster Utility Large Storage Unit Device Terrain Scanner Storage Large Storage Unit Processor Advanced Targeting Computer Hackware Hacking Suite Protection Hardened Light Armor Plating Weapon Hammer Energy Gun Advanced Beam Rifle Energy Cannon Improved EM Pulse Cannon Ballistic Gun Assault Rifle Ballistic Cannon Advanced Assault Cannon Launcher Rocket Launcher Impact Weapon Hammer Slashing Weapon Axe Build | -11 -10 -10 -9 -9 -9 -8 -8 -7 -7 ------- Run | Jun Mat Min Mat Min Exi Min Mat Fac Low Slots Evolved 6 | . . . 2 . . . 2 2 . Power . | . . . . . . . . . . Propulsion 2 | . . . . . . . 1 1 . Utility 3 | . . . 2 . . . 1 . . Weapon 1 | . . . . . . . . 1 . Parts Attached 201 | 7 32 12 42 5 . 3 26 74 . Power 10 | 1 2 . . 1 . . 2 4 . Engine 8 | 1 2 . . 1 . . 2 2 . Core 2 | . . . . . . . . 2 . Reactor . | . . . . . . . . . . Propulsion 56 | 2 18 . 14 2 . 1 6 13 . Treads 24 | . 9 . 9 . . . 5 1 . Leg 10 | . . . . . . . . 10 . Wheel 19 | 2 9 . 4 2 . 1 1 . . Hover . | . . . . . . . . . . Flight 3 | . . . 1 . . . . 2 . Utility 91 | 2 7 9 15 1 . 2 15 40 . Device 52 | 1 3 6 5 1 . 1 8 27 . Storage 6 | 1 3 . 1 . . . 1 . . Processor 5 | . . . 2 . . . 2 1 . Hackware 1 | . . . . . . . . 1 . Protection 27 | . 1 3 7 . . 1 4 11 . Artifact . | . . . . . . . . . . Weapon 44 | 2 5 3 13 1 . . 3 17 . Energy Gun 5 | 1 . . . . . . 1 3 . Energy Cannon 4 | . . . . . . . . 4 . Ballistic Gun 14 | 1 3 . 7 . . . 2 1 . Ballistic Cannon 2 | . . . . . . . . 2 . Launcher 8 | . . 2 2 . . . . 4 . Special Weapon . | . . . . . . . . . . Impact Weapon 10 | . 2 1 3 1 . . . 3 . Slashing Weapon 1 | . . . 1 . . . . . . Piercing Weapon . | . . . . . . . . . . Special Melee Weapon . | . . . . . . . . . . Unidentified Prototypes 7 | . 1 1 1 . . . 1 3 . Corrupted Parts 1 | . . . . . . . . 1 . System Corruption 1 | . . . . . . . . 1 . Parts Lost 35 | . . . 5 1 . 2 7 20 . Power 4 | . . . . 1 . . 1 2 . Propulsion 11 | . . . 2 . . . 2 7 . Utility 12 | . . . 3 . . 2 3 4 . Weapon 8 | . . . . . . . 1 7 . Highest Loss Streak 9 | . . . 4 1 . 2 6 9 . To Critical Strikes . | . . . . . . . . . . Average Slot Usage (%) 94 | . 97 100 96 100 100 89 97 91 76 Engine 9 | . 14 14 11 11 11 11 8 5 . Treads 10 | . 15 . 16 20 . . 18 6 . Leg 6 | . . . . . . . . 19 15 Wheel 8 | . 12 28 5 1 22 22 8 . . Device 10 | . 7 11 8 6 11 . 13 13 . Storage 9 | . 15 14 11 11 11 11 9 5 . Processor 11 | . . . 9 22 22 22 18 11 . Protection 4 | . 2 2 11 4 . . 3 2 30 Energy Gun 2 | . 4 . . . . . . 4 . Ballistic Gun 6 | . 14 9 14 3 . . 4 2 . Launcher 1 | . . 11 1 . . . . 1 . Impact Weapon 6 | . 9 6 5 7 11 11 3 3 . Slashing Weapon 3 | . . . . 11 11 11 9 1 . Naked Turns . | . . . . . . . . . . Heaviest Build 91 | 11 37 39 45 37 34 36 63 91 9 Greatest Support 80 | 26 40 26 40 40 28 28 60 80 11 Greatest Overweight (x) 14 | . 2 1 3 2 2 1 1 14 . Average Overweight (x) . | . . 1 . . 1 1 . . . Largest Inventory Capacity 20 | 8 15 15 15 15 15 15 20 20 5 Average Capacity 16 | 7 14 15 15 15 15 15 19 17 5 Most Carried 20 | 6 15 15 15 15 15 15 20 20 5 Average Carried 15 | 3 14 15 14 14 14 14 17 16 5 Final Capacity 20 | 8 15 15 15 15 15 15 20 5 5 Final Carried 20 | 6 15 15 15 15 14 15 20 5 5 Class Distribution -------------------- 67% | Mutant 14% | Assassin 12% | Scavenger-Assassin Dominant Class ---------------- Mutant | -10/Materials Mutant | -10/Mines Mutant | -9/Materials Mutant | -9/Mines Mutant | -9/Exiles Mutant | -8/Mines Mutant | -8/Materials Assassin | -7/Factory Mutant | -7/Lower Caves Resources | -11 -10 -10 -9 -9 -9 -8 -8 -7 -7 ----------- Run | Jun Mat Min Mat Min Exi Min Mat Fac Low Matter Collected 3734 | 274 530 137 752 44 . 59 320 1578 40 Remotely 284 | . . . . . . . . 284 . Salvage Created 5167 | 22 637 13 985 387 . 81 1057 1985 . Parts 292 | 3 31 5 69 19 . 10 45 110 . Haulers Intercepted 8 | . 2 . 3 . . . . 3 . Recyclers Shooed 11 | 1 4 . . . . . . 6 . Parts Field Recycled . | . . . . . . . . . . Retrieved Matter . | . . . . . . . . . . Parts Self-Destructed 2 | . . . . . . . . . 2 Prevented 1 | . . . . . . . . . 1 Kills | -11 -10 -10 -9 -9 -9 -8 -8 -7 -7 ------- Run | Jun Mat Min Mat Min Exi Min Mat Fac Low Combat Hostiles Destroyed 111 | . 13 3 23 2 . 4 18 48 . Melee 35 | . 4 . 7 2 . 4 16 2 . Guns 23 | . 5 . 8 . . . 2 8 . Cannons 9 | . . . . . . . . 9 . AOE 39 | . . 3 7 . . . . 29 . Classes Destroyed 18 | 1 6 . 5 . . . 1 5 . Worker 13 | . 2 . 1 . . . 1 9 . Builder 7 | . . . 1 2 . 1 . 3 . Tunneler 4 | 1 . . . 2 . . . 1 . Hauler 8 | . 2 . 3 . . . . 3 . Recycler 12 | . 1 . . 3 . . 2 6 . Mechanic 4 | . . . . . . . . 4 . Operator 1 | . . . 1 . . . . . . Watcher 12 | . 3 . 4 . . . 1 4 . Swarmer 28 | . 6 3 6 . . 4 1 8 . Grunt 48 | . 7 . 8 2 . . 11 20 . Brawler 1 | . . . 1 . . . . . . Duelist 1 | . . . 1 . . . . . . Protector 2 | . . . . . . . . 2 . Sentry 14 | . . . 7 . . . 5 2 . Specialist 2 | . . . . . . . . 2 . Hunter 3 | . . . . . . . 1 2 . Programmer 10 | . . . . . . . . 10 . Heavy 2 | . . . . . . . . 2 . Best Kill Streak 25 | 1 4 3 8 7 . 4 7 25 . Combat Bots Only 11 | . 3 3 5 2 . 4 5 11 . Max Kills in Single Turn 5 | 1 2 3 4 1 . 1 1 5 . Gunslinging 1 | . 1 . . . . . . . . Exploded 5 | . . 3 3 . . . . 5 . Melee 1 | . 1 . 1 1 . 1 1 1 . Uniques/NPCs Destroyed . | . . . . . . . . . . Combat | -11 -10 -10 -9 -9 -9 -8 -8 -7 -7 -------- Run | Jun Mat Min Mat Min Exi Min Mat Fac Low Damage Taken 7914 | . 429 17 1666 111 . 300 958 4411 22 Core 1261 | . 71 10 182 22 . 126 144 688 18 Absorbed by Shields 225 | . . . . . . . 84 141 . Redirected to Shielding 4 | . . . . . . . . . 4 Core Remaining (%) 64 | 100 . 67 . . . 17 73 . . Volleys Fired 209 | 4 28 2 45 . . . 13 117 . Largest 3 | 2 2 2 2 . . . 1 3 . Hottest 207 | 60 60 53 56 . . . 25 207 . Shots Fired 321 | 8 44 3 84 . . . 13 169 . Gun 199 | 8 44 2 78 . . . 13 54 . Cannon 62 | . . . . . . . . 62 . Launcher 60 | . . 1 6 . . . . 53 . Special . | . . . . . . . . . . Kinetic 155 | 4 28 2 78 . . . 13 30 . Thermal 74 | 4 16 . . . . . . 54 . Explosive 60 | . . 1 6 . . . . 53 . Electromagnetic 32 | . . . . . . . . 32 . Robot Hit Streak 18 | 1 18 9 11 . . . 5 14 . Robot Miss Streak 6 | 3 3 . 6 . . . 6 4 . Penetration Max . | . . . . . . . . . . Secondary Targets 4 | . 2 . 2 . . . . . . Max Gunslinging Chain 1 | . 1 . 1 . . . . . . Shots Hit Robots 353 | 3 63 1 85 11 . 7 61 122 . Core Hits 258 | 1 18 3 34 6 . 4 26 166 . Critical Kills 5 | . 1 . 4 . . . . . . Critical Parts Destroyed 9 | . 4 . 4 . . . . 1 . Critical Strikes 19 | . 5 . 8 . . . 4 2 . Burn 1 | . . . . . . . . 1 . Destroy 1 | . . . 1 . . . . . . Smash 14 | . 5 . 7 . . . 1 1 . Sever 3 | . . . . . . . 3 . . Melee Attacks 223 | . 38 . 54 14 . 19 69 29 . Impact 120 | . 38 . 52 . . 4 6 20 . Slashing 103 | . . . 2 14 . 15 63 9 . Piercing . | . . . . . . . . . . Sneak Attacks 20 | . 3 . 3 7 . 2 3 2 . Combat Hostiles 1 | . . . . . . 1 . . . Follow-up Attacks 5 | . . . . . . 1 4 . . Damage Inflicted 15840 | 30 1147 135 2545 637 . 348 1961 9037 . Guns 2074 | 30 351 11 783 . . . 154 745 . Cannons 1282 | . . . . . . . . 1282 . Explosions 7305 | . . 124 974 . . . . 6207 . Melee 5179 | . 796 . 788 637 . 348 1807 803 . Ramming . | . . . . . . . . . . Kinetic 1747 | 6 197 11 783 . . . 154 596 . Thermal 1139 | 24 154 . . . . . . 961 . Explosive 7089 | . . 124 974 . . . . 5991 . Electromagnetic 686 | . . . . . . . . 686 . Impact 2401 | . 796 . 788 . . 24 92 701 . Slashing 2778 | . . . . 637 . 324 1715 102 . Piercing . | . . . . . . . . . . Highest Corruption 11 | . . . 3 3 3 3 . 11 2 Average Corruption 3 | . . . 2 3 3 3 . 4 2 Corruption Purged 10 | . . . . . . . . 10 . Corruption Blocked . | . . . . . . . . . . Effects 46 | . . . . 6 8 6 . 24 2 Message Errors 17 | . . . . 4 4 2 . 6 1 Matter Fused 12 | . . . . . 2 2 . 7 1 Heat Flow Errors 4 | . . . . . . . . 4 . Energy Discharges 6 | . . . . 1 1 2 . 2 . Parts Fused 1 | . . . . . 1 . . . . Data Loss (minor) 3 | . . . . . . . . 3 . Data Loss (major) 1 | . . . . 1 . . . . . Alerts 1 | . . . . . . . . 1 . Weapon Failures 1 | . . . . . . . . 1 . Overload Shots . | . . . . . . . . . . Overflow Damage 1051 | . 202 . 195 132 . 41 38 443 . Projectiles 31 | . . . . . . . . 31 . Explosions 248 | . . . 39 . . . . 209 . Melee 772 | . 202 . 156 132 . 41 38 203 . Knockbacks 10 | . 3 . . . . . . 7 . Impact 4 | . 3 . . . . . . 1 . Kinetic 5 | . . . . . . . . 5 . Secondary 1 | . . . . . . . . 1 . Self-Inflicted Damage 243 | . . . . . . . . 243 . Shots 9 | . . . . . . . . 9 . Rammed . | . . . . . . . . . . Targets Rammed . | . . . . . . . . . . Kicked . | . . . . . . . . . . Crushed . | . . . . . . . . . . Highest Temperature 282 | 40 40 9 103 . . . 7 282 . Average Temperature 46 | 20 20 6 25 . . . 7 61 . Received Heat Transfer 1997 | . 144 . 456 60 . 27 470 831 9 Siege Activations . | . . . . . . . . . . Robots Corrupted . | . . . . . . . . . . Combat Hostiles . | . . . . . . . . . . Parts Fried 20 | . 6 . 6 . . . . 8 . Impact Corruptions 29 | . 13 . 8 . . . . 8 . Robots Melted . | . . . . . . . . . . Combat Hostiles . | . . . . . . . . . . Parts Melted 3 | . . . . . . . . 3 . Heat Transferred 2056 | 50 350 . . . . . . 1656 . Parts Sabotaged . | . . . . . . . . . . Parts Stolen . | . . . . . . . . . . Parts Stripped . | . . . . . . . . . . Power Chain Reactions 2 | . . . . . . . . 2 . Missiles Intercepted . | . . . . . . . . . . Alert | -11 -10 -10 -9 -9 -9 -8 -8 -7 -7 ------- Run | Jun Mat Min Mat Min Exi Min Mat Fac Low Peak Influence 1455 | 5 202 142 541 266 . 145 320 1455 . Initial 176 | . 3 25 35 176 . . 2 36 . Average 248 | 2 104 89 250 229 . 88 153 432 . Maximum Alert Level 4 | . 1 . 2 1 . . 1 4 . Low Security (%) 70 | 100 95 100 33 29 . 100 79 64 . Level 1 14 | . 4 . 46 70 . . 20 . . Level 2 4 | . . . 19 . . . . 3 . Level 3 2 | . . . . . . . . 8 . Level 4 7 | . . . . . . . . 22 . Level 5 . | . . . . . . . . . . High Security . | . . . . . . . . . . Max Security . | . . . . . . . . . . Squads Dispatched 34 | . 3 . 4 . . . 7 20 . Investigation 10 | . 1 . 2 . . . 3 4 . Extermination 4 | . . . . . . . . 4 . Reinforcement 11 | . 2 . 2 . . . 1 6 . Assault 3 | . . . . . . . . 3 . Garrison 6 | . . . . . . . 3 3 . Intercept . | . . . . . . . . . . Searches Triggered . | . . . . . . . . . . Construction Impeded 3 | . . . . . . . . 3 . Haulers Reinforced 1 | . . . . . . . . 1 . Active Scanning Responses . | . . . . . . . . . . Cargo Convoy Interrupts 1 | . . . . . . . . 1 . Stealth | -11 -10 -10 -9 -9 -9 -8 -8 -7 -7 --------- Run | Jun Mat Min Mat Min Exi Min Mat Fac Low Distress Signals 10 | . 2 . 5 . . . 2 1 . Communications Jammed . | . . . . . . . . . . Distress Signals . | . . . . . . . . . . Times Spotted 184 | . 23 5 37 4 . 6 23 82 4 Peak Tracking Total 14 | . 3 3 5 2 . 3 5 14 7 Tactical Retreats 16 | . 1 . 1 . . 3 . 11 . Traps | -11 -10 -10 -9 -9 -9 -8 -8 -7 -7 ------- Run | Jun Mat Min Mat Min Exi Min Mat Fac Low Traps Triggered 9 | . 1 . 3 . . . 2 3 . Indirectly . | . . . . . . . . . . Trap Hack Attempts . | . . . . . . . . . . Triggered . | . . . . . . . . . . Disarmed 6 | . 6 . . . . . . . . Reprogrammed . | . . . . . . . . . . Reused . | . . . . . . . . . . Traps Extracted . | . . . . . . . . . . Installed . | . . . . . . . . . . Triggered . | . . . . . . . . . . Power Sources Rigged 14 | . . . . . . . 7 7 . Exploded 6 | . . . . . . . 3 3 . Machines | -11 -10 -10 -9 -9 -9 -8 -8 -7 -7 ---------- Run | Jun Mat Min Mat Min Exi Min Mat Fac Low Machines Disabled 8 | . . . 5 . . . . 3 . Max in Single Turn 2 | . . . 2 . . . . 1 . Garrison Access 1 | . . . . . . . . 1 . Machines Repaired . | . . . . . . . . . . Machines Sabotaged . | . . . . . . . . . . Overloaded Fab Kills . | . . . . . . . . . . Hacking | -11 -10 -10 -9 -9 -9 -8 -8 -7 -7 --------- Run | Jun Mat Min Mat Min Exi Min Mat Fac Low Machines Accessed 28 | . 7 . 3 . 2 . 4 12 . Terminals 16 | . 7 . 2 . . . 2 5 . Fabricators 2 | . . . . . . . . 2 . Repair Stations 2 | . . . . . . . . 2 . Recycling Units . | . . . . . . . . . . Scanalyzers 4 | . . . 1 . . . 2 1 . Garrison Access 2 | . . . . . . . . 2 . Total Hacks 73 | . 18 . 13 . 2 . 13 27 . Successful 39 | . 9 . 5 . 2 . 8 15 . Failed 33 | . 8 . 8 . . . 5 12 . Catastrophic 8 | . 1 . 2 . . . 1 4 . Database Lockouts 1 | . 1 . . . . . . . . Manual 31 | . 11 . 5 . 1 . 5 9 . Terminals 44 | . 18 . 5 . . . 7 14 . Fabricators 5 | . . . . . . . . 5 . Repair Stations 2 | . . . . . . . . 2 . Recycling Units . | . . . . . . . . . . Scanalyzers 17 | . . . 8 . . . 6 3 . Garrison Access 3 | . . . . . . . . 3 . Terminal Hacks 21 | . 8 . 1 . 2 . 3 7 . Record 2 | . . . . . 1 . . 1 . Part Schematic 1 | . . . . . . . . 1 . Robot Schematic 1 | . . . . . . . . 1 . Robot Analysis 4 | . 3 . . . . . 1 . . Prototype ID Bank 1 | . . . . . . . 1 . . Branch Access Points 4 | . 1 . 1 . . . 1 1 . Alert Level 1 | . . . . . . . . 1 . Unreport Threat 1 | . . . . . . . . 1 . Locate Traps 3 | . 2 . . . . . . 1 . Disarm Traps 1 | . 1 . . . . . . . . Registered Components 1 | . 1 . . . . . . . . EX-Prototype ID Bank 1 | . . . . . 1 . . . . Fabricator Hacks 3 | . . . . . . . . 3 . Load Schematic 1 | . . . . . . . . 1 . Build 2 | . . . . . . . . 2 . Repair Station Hacks . | . . . . . . . . . . Recycling Unit Hacks . | . . . . . . . . . . Scanalyzer 10 | . . . 4 . . . 4 2 . Insert Component 5 | . . . 2 . . . 2 1 . Analyze 5 | . . . 2 . . . 2 1 . Garrison Access Hacks 1 | . . . . . . . . 1 . Seal Access 1 | . . . . . . . . 1 . Unauthorized Hacks 4 | . 1 . . . . . 1 2 . Terminals 2 | . 1 . . . . . . 1 . Botnet 2 | . 1 . . . . . . 1 . Fabricators . | . . . . . . . . . . Repair Stations 1 | . . . . . . . . 1 . Mechanics 1 | . . . . . . . . 1 . Recycling Units . | . . . . . . . . . . Scanalyzers 1 | . . . . . . . 1 . . Extract 1 | . . . . . . . 1 . . Garrison Access . | . . . . . . . . . . Data Cores Recovered . | . . . . . . . . . . Used . | . . . . . . . . . . Hacking Detections 24 | . 7 . 3 . . . 4 10 . Full Trace Events 4 | . . . 1 . . . 1 2 . Feedback Events . | . . . . . . . . . . Feedback Blocked . | . . . . . . . . . . Robot Schematics Acquired 1 | . . . . . . . . 1 . Robots Built 3 | . . . . . . . . 3 . Authchips . | . . . . . . . . . . Time 67 | . . . . . . . . 67 . Total Robot Build Rating 12 | . . . . . . . . 12 . Part Schematics Acquired 7 | . . . . . . . 5 2 . Parts Built 1 | . . . . . . . . 1 . Authchips . | . . . . . . . . . . Time 53 | . . . . . . . . 53 . Total Part Build Rating 6 | . . . . . . . . 6 . Parts Repaired . | . . . . . . . . . . Time . | . . . . . . . . . . Parts Recycled . | . . . . . . . . . . Recycled Matter . | . . . . . . . . . . Retrieved Matter . | . . . . . . . . . . Retrieved Components . | . . . . . . . . . . Parts Scanalyzed 4 | . . . 1 . . . 2 1 . Part Schematics Acquired 3 | . . . . . . . 2 1 . Parts Damaged . | . . . . . . . . . . Bothacking | -11 -10 -10 -9 -9 -9 -8 -8 -7 -7 ------------ Run | Jun Mat Min Mat Min Exi Min Mat Fac Low Used RIF Installer . | . . . . . . . . . . Robots Hacked . | . . . . . . . . . . Non-combat . | . . . . . . . . . . Combat . | . . . . . . . . . . Robot Hacks Applied . | . . . . . . . . . . Relay Couplers Released . | . . . . . . . . . . Fabnet Peak Effective % . | . . . . . . . . . . Robots Rewired . | . . . . . . . . . . Allies Hacked 1 | . . . . . . . . 1 . Hacks Repelled . | . . . . . . . . . . Allies | -11 -10 -10 -9 -9 -9 -8 -8 -7 -7 -------- Run | Jun Mat Min Mat Min Exi Min Mat Fac Low Total Allies 6 | . . 3 . . . . . 3 . Largest Group 3 | . . 3 2 . . . . 3 . Highest-Rated Group 60 | . . 40 32 . . . . 60 . Highest-Rated Ally 20 | . . 16 16 . . . . 20 . Total Orders . | . . . . . . . . . . Ally Attacks 18 | . . 13 4 . . . . 1 . Total Damage 252 | . . 188 64 . . . . . . Kills 5 | . . 5 . . . . . . . Allies Corrupted . | . . . . . . . . . . Allies Melted . | . . . . . . . . . . Intel | -11 -10 -10 -9 -9 -9 -8 -8 -7 -7 ------- Run | Jun Mat Min Mat Min Exi Min Mat Fac Low Robot Analysis Total 4 | . 3 . . . . . 1 . . Derelict Logs Recovered 2 | . . 1 . . . . . . 1 Drone Launches . | . . . . . . . . . . Drone Recoveries . | . . . . . . . . . . Exploration | -11 -10 -10 -9 -9 -9 -8 -8 -7 -7 ------------- Run | Jun Mat Min Mat Min Exi Min Mat Fac Low Turns Passed 8913 | 76 1346 517 1312 392 528 557 1285 2758 142 Spaces Moved 5187 | 53 763 443 617 220 477 460 410 1492 252 Core 34 | 1 . . . . . . . 33 . Treads 1590 | . 373 . 408 200 . . 242 367 . Legs 756 | . . . . . . . . 756 . Wheels 2219 | 52 390 443 209 20 477 460 168 . . Hover . | . . . . . . . . . . Flight 588 | . . . . . . . . 336 252 Fastest Speed 50 | 50 90 105 105 120 110 100 90 54 54 Average Speed 124 | 89 130 105 145 156 110 109 171 124 54 Slowest Speed 750 | 100 240 105 240 160 120 110 240 750 54 Overloaded Moves . | . . . . . . . . . . Propulsion Burnouts . | . . . . . . . . . . Robots Hopped . | . . . . . . . . . . Cave-ins Triggered . | . . . . . . . . . . Exploration Rate (%) 50 | 2 98 64 57 32 72 83 27 35 35 Regions Visited 9 Branch Regions 5 Pre-discovered Areas 3 | . . 1 . . 1 . . . 1 Known Exits Taken 6 | . 1 . 1 1 1 1 . 1 . Unknown Exits Taken 3 | 1 . 1 . . . . 1 . . Scrap Searched 6 | . . 1 . 1 . 1 . . 3 Spaces Dug 78 | . . 15 6 . . 3 9 45 . Terrain Destroyed 276 | . . 15 51 . . 3 9 198 . Melee 26 | . . . 4 . . 3 9 10 . Projectile 4 | . . . . . . . . 4 . AOE 246 | . . 15 47 . . . . 184 . Terrain Rammed . | . . . . . . . . . . Walls Destroyed . | . . . . . . . . . . Machines Disabled . | . . . . . . . . . . Actions | -11 -10 -10 -9 -9 -9 -8 -8 -7 -7 --------- Run | Jun Mat Min Mat Min Exi Min Mat Fac Low Total 6921 | 70 1006 486 860 241 481 485 864 2171 257 Wait 904 | 1 95 27 77 2 . 3 315 379 5 Move 5178 | 52 762 442 616 219 476 459 409 1491 252 Hop . | . . . . . . . . . . Pick Up 99 | 6 26 1 11 1 2 3 20 29 . Fast Attach 39 | 7 2 1 8 . . 1 2 18 . Attach 40 | . 3 . 6 1 . 1 8 21 . Detach 4 | . 2 . . . . . 1 1 . Swap 123 | . 27 11 28 4 . 1 16 36 . Drop 97 | . 23 2 15 . 3 2 10 42 . Fire 209 | 4 28 2 45 . . . 13 117 . Melee 213 | . 38 . 54 14 . 15 63 29 . Ram . | . . . . . . . . . . Kick . | . . . . . . . . . . Crush . | . . . . . . . . . . Escape Stasis . | . . . . . . . . . . Rewire 1 | . . . . . . . . 1 . Trap 14 | . . . . . . . 7 7 . Miscellaneous . | . . . . . . . . . . Route ------- -11/Junkyard -10/Materials (discovered 3 exits: *Mat x2 / *Min) -10/Mines (discovered 2 exits: *Mat x2) -9/Materials (discovered 4 exits: *Mat / *Min x2 / *Sto) -9/Mines (discovered 3 exits: *Mat x2 / *Exi) -9/Exiles (discovered 2 exits: *Min x2) -8/Mines (discovered 2 exits: *Mat x2) -8/Materials -7/Factory (discovered 2 exits: *Low x2) -7/Lower Caves History --------- Turn | Location | Event 13 | -11/Junkyard | Discovered new exit (range 16) 77 | -11/Junkyard | Entered Materials 301 | -10/Materials | Identified exit to Mines 306 | -10/Materials | Build established: Mutant 514 | -10/Materials | Discovered new exit (range 16) 796 | -10/Materials | Discovered new exit (range 11) 907 | -10/Materials | Central database locked down 1423 | -10/Materials | Entered Mines 1430 | -10/Mines | Received a Rocket Launcher from a helpful Derelict 1542 | -10/Mines | Found a damaged Exp. Sensor Array with a note attached 1544 | -10/Mines | Found Prototype Device 1544 | -10/Mines | Identified Exp. Sensor Array 1566 | -10/Mines | Discovered new exit (range 7) 1716 | -10/Mines | Learned location of Zion (-7) 1737 | -10/Mines | Assisted by bots powering up and referring to "LRC-V3" 1805 | -10/Mines | Discovered new exit (range 6) 1940 | -10/Mines | Entered Materials 1940 | -9/Materials | Accompanied by 2 allies 1940 | -9/Materials | Evolved 2 slots: Utility x2 2373 | -9/Materials | Discovered new exit (range 8) 2509 | -9/Materials | Lost 4 parts (2n2u) 2548 | -9/Materials | Identified exit to Mines 2548 | -9/Materials | Identified exit to Storage 3252 | -9/Materials | Entered Mines 3281 | -9/Mines | Discovered new exit (range 9) 3292 | -9/Mines | Identified exit to Materials 3327 | -9/Mines | Discovered exit to Materials (range 10) 3475 | -9/Mines | Discovered new exit (range 15) 3498 | -9/Mines | Deemed a non-threat by the Exiles lab entrance 3503 | -9/Mines | Identified exit to Exiles 3628 | -9/Mines | Core integrity fell below 50% 3644 | -9/Mines | Entered Exiles 3661 | -9/Exiles | Discovered new exit (range 15) 3675 | -9/Exiles | Identified exit to Mines 3695 | -9/Exiles | Met 8R-AWN 3714 | -9/Exiles | Met EX-HEX 3745 | -9/Exiles | Met EX-BIN 3758 | -9/Exiles | Aligned with FarCom system 3759 | -9/Exiles | Given EX-Vault access code 3875 | -9/Exiles | Met EX-DEC 4014 | -9/Exiles | Opened EX-Vault 4022 | -9/Exiles | Found AWS/Gauss 4046 | -9/Exiles | Warned to stay clear of 0b10 Research branches 4071 | -9/Exiles | Found PSU Rigger 4163 | -9/Exiles | Discovered exit to Mines (range 10) 4172 | -9/Exiles | Left Exiles lab with PSU Rigger 4172 | -9/Exiles | Entered Mines 4279 | -8/Mines | Core integrity fell below 20% 4360 | -8/Mines | Discovered exit to Materials (range 12) 4524 | -8/Mines | Discovered exit to Materials (range 2) 4729 | -8/Mines | Entered Materials 4729 | -8/Materials | Evolved 2 slots: Propulsion x1, Utility x1 5057 | -8/Materials | Build established: Scavenger-Assassin 5153 | -8/Materials | Garrison activated, responded to threat 5201 | -8/Materials | Lost 6 parts (1p2n2u1w) 5564 | -8/Materials | Build established: Mutant 5948 | -8/Materials | Discovered new exit (range 14) 6014 | -8/Materials | Entered Factory 6014 | -7/Factory | Evolved 2 slots: Propulsion x1, Weapon x1 6182 | -7/Factory | Build established: Scavenger-Assassin 6453 | -7/Factory | Fabricated B-48 Gladiator? 6956 | -7/Factory | Build established: Assassin 7076 | -7/Factory | Fabricated Imp. Transmission Jammer (x1) 7402 | -7/Factory | Identified exit to Lower Caves 7781 | -7/Factory | Cargo convoy interrupted 7814 | -7/Factory | Destroyed 10 combat bots 7896 | -7/Factory | Garrison activated, responded to threat 7992 | -7/Factory | Found Corrupted Prototype Device 8014 | -7/Factory | First assault squad dispatched 8160 | -7/Factory | Core integrity fell below 50% 8174 | -7/Factory | Destroyed 11 combat bots 8200 | -7/Factory | Lost 9 parts (1p4n2u2w) 8208 | -7/Factory | Identified Active Sensor Suite 8233 | -7/Factory | Build established: Mutant 8270 | -7/Factory | Core integrity fell below 20% 8270 | -7/Factory | System corruption reached 10% 8290 | -7/Factory | Lost 6 parts (1p2n3w) 8772 | -7/Factory | Entered Lower Caves 8786 | -7/Lower Caves | Encountered a Warlord checkpoint 8910 | -7/Lower Caves | Ambushed by wild Derelicts 8914 | -7/Lower Caves | Destroyed by 71-EB3(g) with Beamcaster Last Messages --------------- 08786_ Found Hcp. Battery. 08786_ Found Recoil Stabilizer. 08786_ Found 28 Matter. 08787_ Acquired 28 matter. 08789_ Searching scrap... 08789_ Found Imp. Utility Shielding. 08789_ Found Com. Battery. 08789_ Found Recoil Stabilizer. 08789_ Found 24 Matter. 08790_ Searching scrap... 08790_ Found Gauss Cannon. 08790_ Found 12 Matter. 08791_ Acquired 12 matter. 08805_ 5M-08H(k) breaks down the debris. 08808_ 7P-D96(k) breaks down the debris. 08836_ System corrupted: Matter fused (-10). 08902_ BF-422(k) breaks down the debris. 08910_ S2-RU9(g): "Give us 100,000 units of matter and we'll let you pass... I didn't think so. We'll just take whatever you've got on you. Literally." Map ----- +----------------------------------------------------+ | ????????????????????????????????##### ## | | ???????????????????????????????## # | | ???????????????????????????????# ### | | ???????????????????????????????# ### | | ???????????????????????????????# ### | | ???????????????????????????????# ### | | ???????????????????????????????# ## | | ???????????????????????????????# ### | | ???????????????????????????????# ##?? | | ???????????????????????????????## ##?## | | ????????????????????????????????## #### | | ???????????????????????####??????# | | ??????????????????????## #####??# | | ?????????????????????## ##?# ### | | ?????????########??### ### ## #?### | | ?????????# #### ### ##???# | | ?????????# ## #?# #????# | | ?????????## ## ### #?# ????# | | ??????????##### ### #### ???? | | ?#????????????## #?## ### | | ?# ???????????# #?## ### | | ?# ??????????# ### ###??# ?# | | ## ####?????# #### #?????# ##?## | | # #???## ### ##?????# #???? | | #### ## ###?????? ???? | | # ## @ ##???????? ??? | | # ### ######???? ????? | | ## ## #### % #?????##??????# | | ??????## #?## #?# ##% #?????????????# | | ???????###???## #### ##?# ##?????????????# | | ?????????###### #### ##?? #??????????????? | | ?????????# ## k #??????????????????? | | ?????????# ###### #??????????????????? | | ????????????????# ####??????????????????? | | ????????????????# ##?????????????????????? | | ????????????# ## #??????????????????????? | | ???????????# ### g##??????????????????????? | | ???????????## #?#g #???????????????????????? | | ????????????###### #?#g #???????????????????????? | | ?????????????????### #???????????????????????? | | ???????????????????? ???????????????????????? | | ??????????????????? # ??????????????????????? | | ????????????????? ?# ??????????????????????? | | ????????????????##??## ?????????????????????? | | ?????????????????????## ????????????????????? | | ??????????????????????## ## ?????????????????????? | | ???????????????????????? #?# ????????????????????? | | ???????????????????????? #?? ????????????????????? | | ???????????????????????? #???#???????????????????? | | ???????????????????????? ????????????????????????? | +----------------------------------------------------+ Best States ------------- Heat Dissipation 48 Energy Generation 14 Energy Capacity 280 Matter Stores 324 Matter Capacity 350 Sight Range 16 Robot Scan Range 20 Terrain Scan Range 16 Terrain Scan Density 85 Jamming Range 14 Armor Coverage 600 Core Shielding 20 Evasion (%) 59 Targeting Accuracy 14 Recoil Reduction 4 Offensive Hacking 10 Item Schematics ----------------- Rocket Launcher | -8/Materials | Scanalyzed Hvy. Particle Cannon | -8/Materials | Extracted Adv. Treads | -8/Materials | Extracted Field Recycling Unit | -8/Materials | Extracted Lrn. Tractor Beam | -8/Materials | Scanalyzed Imp. Medium Armor Plating | -7/Factory | Scanalyzed Imp. Transmission Jammer | -7/Factory | Hacked Robot Schematics ------------------ O-24 Administrator | -7/Factory | Hacked Fabricated ------------ B-48 Gladiator | x3 | -7/Factory | Preloaded Imp. Transmission Jammer | x1 | -7/Factory Alien Tech Used ----------------- None Achievements -------------- None Challenges ------------ None Game ------ Seed SystemEncryptedPlating Manual? 0 Play Time 03:01:05 Cumulative 178.8 hours Start 2023.04.21 @ 21:35:31 End 2023.04.22 @ 01:04:25 Sessions 1 Manual Loads 0 Difficulty Rogue Special Mode None Game No. 60 Rogue 60 Adventurer 0 Explorer 0 Win Type - Total 1 Types 1/0/0/0/0/0/0/0/0 Lore% 54 Gallery% 63 Achievement% 48 Wizard Run 0 Options --------- ASCII 0 Keyboard 0 Movement Numpad Keybinds 1 Fullscreen 2 Font 18/X11 Map View 76x50 Tactical HUD 1 Map Filters NONE Filters NONE Steam 1 RUN: 215bb558-96aa-4650-b171-6ced6c17f545